 Dungeon Crawl Stone Soup version 0.28.0-53-g5a82cb258f (webtiles) character file.

Game seed: 3965978275410018009

217 Diggabert the Chopper (level 5, -5/47 HPs)
             Began as a Hill Orc Fighter on June 26, 2022.
             Was an Initiate of Qazlal.
             Slain by a gnoll
             ... wielding a +0 flail
              (7 damage)
             ... on level 3 of the Dungeon.
             The game lasted 00:03:55 (2745 turns).

Diggabert the Chopper (Hill Orc Fighter)            Turns: 2745, Time: 00:03:55

Health: -5/47      AC:  8    Str: 20 (21) XL:     5   Next: 94%
Magic:  14/14      EV:  9    Int:  5 (8)  God:    Qazlal [......]
Gold:   85         SH:  4    Dex:  7 (10) Spells: 4/4 levels left

rFire   . . .      SeeInvis .   a - +0 war axe
rCold   . . .      Faith    .   c - +0 buckler
rNeg    . . .      Spirit   .   b - +0 scale mail
rPois   .          Reflect  .   i - +0 helmet
rElec   .          Harm     .   (no cloak)
rCorr   .          Rampage  .   (no gloves)
Will    .....                   (no boots)
Stlth   ..........              (no amulet)
HPRegen 0.15/turn               e - ring of magical power
MPRegen 0.14/turn               (no ring)

@: no status effects
A: no striking features
a: Renounce Religion


You were on level 3 of the Dungeon.
You worshipped Qazlal.
Qazlal was noncommittal.
You visited 1 branch of the dungeon, and saw 4 of its levels.

You collected 85 gold pieces.

Inventory:

Hand Weapons
 a - a +0 war axe (weapon)
Armour
 b - a +0 scale mail (worn)
 c - a +0 buckler (worn)
 i - a +0 helmet (worn)
Jewellery
 e - a ring of magical power (left hand)
Wands
 j - a wand of iceblast (13)
Scrolls
 f - 2 scrolls of fog {unknown}
 g - 2 scrolls of enchant weapon {unknown}
 h - a scroll of silence {unknown}
 k - a scroll of vulnerability {unknown}
 m - 2 scrolls of identify {unknown}
 n - a scroll of amnesia {unknown}
Potions
 d - a potion of might
 l - a potion of attraction {unknown}
 o - a potion of degeneration
 p - a potion of heal wounds {unknown}


   Skills:
 * Level 4.5 Fighting
 * Level 5.6 Axes
 * Level 4.3 Armour
 * Level 4.0 Shields
 * Level 1.0 Invocations


You had 4 spell levels left.
You didn't know any spells.
Your spell library contained the following spells:

 Spells                   Type           Power      Damage    Failure   Level
 Magic Dart               Conj           0%         1d3       88%         1
 Call Imp                 Summ           0%         N/A       96%         2
 Mephitic Cloud           Conj/Pois/Air  0%         N/A       99%         3


Dungeon Overview and Level Annotations

Branches:
Dungeon (4/15)
 Temple: D:4-7

Altars:
Qazlal


Message History

There is a stone staircase leading down, spattered with blood here.
You start resting.
You are no longer glowing.
You start resting.
HP restored.
You climb downwards.
A gnoll comes into view. It is wielding a +0 whip.
The iguana barely misses you. The gnoll hits you with a +0 whip.
The iguana bites you but does no damage.
The gnoll moves out of view.
There is a stone staircase leading up, spattered with blood here.
The gnoll hits you with a +0 whip. The gnoll hits you but does no damage.
The iguana closely misses you.
You climb upwards.
There is a stone staircase leading down, spattered with blood here.
You hit the iguana.
The iguana is moderately wounded.
You hit the gnoll. The gnoll closely misses you. You block the iguana's attack.
The gnoll hits you but does no damage.
You closely miss the iguana.
The iguana is moderately wounded.
You slash the gnoll! The iguana bites you! The gnoll hits you with a +0 flail!
You block the iguana's attack.
You barely miss the gnoll.
The gnoll is almost dead.
You closely miss the iguana. The gnoll hits you with a +0 flail.
You block the iguana's attack.
You hit the gnoll.
The gnoll is almost dead.
You hit the iguana. The gnoll hits you with a +0 flail!
The iguana hisses menacingly.
The iguana bites you!
* * * LOW HITPOINT WARNING * * *
The gnoll hits you with a +0 flail!
* * * LOW HITPOINT WARNING * * *
It was a potion of degeneration.
There was something very wrong with that liquid.
You feel weakened.
You feel dopey.
You feel clumsy. The iguana misses you. The gnoll hits you with a +0 flail!
You die...

####.#)#.#.###...##.#
###
...#.#.#.#....#####.#
#.. .#...#.#.####.#
#.# #.#
.###.#.#......# #.#
#.# ....<#......###
#.# #.# .#####..###.#
#.# #.# ........###.#
#.# #.#
.######.#.#.#######.#
#.#
.#........#....l@gg.#
######.#
.#......#)###########
#.......
.#######..........#
#.####.#
........#########.#
#.# #.#
.######.#########.##
#.# #.# .#
#............# #.# #..
(#
####################.#
### .####
#...................#
....##
#.###################


You could see an iguana and 2 gnolls.

Vanquished Creatures
  A hornet zombie (D:4)
  A gnoll shaman (D:3)
  An orc wizard (D:3)
  An adder (D:2)
  A dart slug (D:2)
  6 orcs (D:3)
  8 bats
  8 endoplasms
  4 goblins
  5 hobgoblins
  4 kobolds
  A quokka (D:3)
  9 ball pythons
  A frilled lizard (D:1)
  6 rats
57 creatures vanquished.

Notes
Turn   | Place    | Note
-------+----------+-------------------------------------------
     0 | D:1      | Diggabert the Hill Orc Fighter began the quest for the Orb.
     0 | D:1      | Reached XP level 1. HP: 19/19 MP: 1/1
    92 | D:1      | Found a faded altar of an unknown god.
   222 | D:1      | Reached XP level 2. HP: 27/27 MP: 2/2
   446 | D:1      | Reached skill level 3 in Axes
   818 | D:2      | Reached XP level 3. HP: 33/33 MP: 3/3
  1154 | D:3      | Reached skill level 4 in Axes
  1154 | D:3      | Reached XP level 4. HP: 34/40 MP: 4/4
  1761 | D:3      | Found a stormy altar of Qazlal.
  1767 | D:3      | Became a worshipper of Qazlal Stormbringer
  2333 | D:4      | Reached skill level 5 in Axes
  2333 | D:4      | Reached XP level 5. HP: 10/47 MP: 5/5
  2438 | D:4      | Identified the +5 dagger of Wondrous Power {flame, rPois
                  | Int+4}
  2633 | D:3      | Reached skill level 1 in Invocations
  2744 | D:3      | HP: 2/47 [gnoll/+0 flail (7)]
  2745 | D:3      | Slain by a gnoll

Illustrated notes

Levels and vault maps discovered:
D:1:      minmay_arrival_up_and_down, layout_rooms,
          hellmonk_ecumenical_altar_arch_garden, wad_floor_pattern_1,
          lemuel_another_geyser
D:2:      layout_rooms
D:3:      layout_basic, mainiacjoe_overflow_alcove_1
D:4:      layout_basic, amcnicky_altar_gilded

Skill      XL: |  1  2  3  4  5 |
---------------+----------------+-----
Axes           | 3 4 5 |  5.6
Fighting       | 4 |  4.5
Armour         | 4 |  4.3
Shields        | 4 |  4.0
Invocations    | 1 |  1.0

Action                   |  1- 3 |  4- 6 || total
-------------------------+-------+-------++-------
Melee: War axe           |    82 |    62 ||   144
  Use: Potion            |       |     1 ||     1
Armor: Scale mail        |    34 |    28 ||    62
Dodge: Dodged            |    33 |    30 ||    63
Block: Buckler           |    19 |     6 ||    25
